[ AOE2 MATCH · #464079287 ]
UnrankedKoreans vs Khmer
[ REPLAY ANALYSIS · EXTRACTED FROM THE RECORDED GAME ]
Feudal
—
Castle
—
Imperial
—
| APM avg | 7.2 |
| APM peak | 21 |
| eAPM avg | 6.1 |
| Villagers / military | 86 / 56 |
Focus
⚔️ 26.7% · 🌾 73.3%
Trade Cart ×64 · War Wagon ×40 · Iron Pagoda ×16
Feudal
3:05
Castle
10:53
Imperial
19:29
| APM avg | 9.2 |
| APM peak | 33 |
| eAPM avg | 7.7 |
| Villagers / military | 29 / 45 |
Focus
⚔️ 25.5% · 🌾 74.5%
Trade Cart ×54 · Shotel Warrior ×45
Feudal
2:29
Castle
6:29
Imperial
10:28
| APM avg | 11.4 |
| APM peak | 90 |
| eAPM avg | 11.0 |
| Villagers / military | 103 / 1 |
Focus
⚔️ 21.8% · 🌾 78.2%
Trade Cart ×54 · Monk ×1
Feudal
2:55
Castle
6:29
Imperial
14:19
| APM avg | 23.0 |
| APM peak | 44 |
| eAPM avg | 19.7 |
| Villagers / military | 145 / 111 |
Focus
⚔️ 30.9% · 🌾 69.1%
War Elephant ×99 · Trade Cart ×90 · Mangonel ×6 · Bombard Cannon ×5 · Monk ×1
Feudal
4:16
Castle
8:11
Imperial
15:57
| APM avg | 31.2 |
| APM peak | 93 |
| eAPM avg | 23.1 |
| Villagers / military | 95 / 205 |
Focus
⚔️ 53.0% · 🌾 47.0%
Throwing Axeman ×90 · Knight ×69 · Bombard Cannon ×24 · Trade Cart ×16 · Scorpion ×14 · Mangonel ×7
Feudal
5:05
Castle
10:49
Imperial
—
| APM avg | 26.0 |
| APM peak | 51 |
| eAPM avg | 20.8 |
| Villagers / military | 173 / 266 |
Focus
⚔️ 41.6% · 🌾 58.4%
Shrivamsha Rider ×222 · Trade Cart ×36 · Mangonel ×29 · Camel Scout ×15
Feudal
3:02
Castle
7:34
Imperial
13:38
| APM avg | 28.1 |
| APM peak | 72 |
| eAPM avg | 26.0 |
| Villagers / military | 273 / 194 |
Focus
⚔️ 18.1% · 🌾 81.9%
Scorpion ×96 · Trade Cart ×82 · Unknown (1263) ×73 · Mangonel ×55 · Keshik ×40 · Monk ×3
Feudal
3:57
Castle
8:55
Imperial
17:18
| APM avg | 21.8 |
| APM peak | 49 |
| eAPM avg | 17.8 |
| Villagers / military | 230 / 59 |
Focus
⚔️ 16.7% · 🌾 83.3%
Trade Cart ×64 · Camel Scout ×45 · Bombard Cannon ×8 · Mangonel ×5 · Monk ×1
Match map
Initial resources + every placement click. Lines = walls · curves = elevation contours. ◆ gold · ⬟ stone · ● berries · ✦ relic · ◌ wall gap
Your base· ✓ Map-separated
Lapusho4ek's base· ✓ Map-separated
REDEMPTION's base· ✓ Map-separated
starlight-chaser's base· ✓ Map-separated
SirClaus's base· ✓ Map-separated
generalberthier's base· ✓ Map-separated
TR Subuti's base· ✓ Map-separated
kjkim910056's base· ✓ Map-separated
Smoothed initial terrain · ◌ = detected wall gap · hover for details
Inputs per minute
— pulpy-match3 - - Lapusho4ek
Build order — pulpy-match3
First 150 of 153 actions detected
| 0:09 | Build | Lumber Camp |
| 0:24 | Build | Mill |
| 0:51 | Build | House |
| 0:57 | Research | Feudal Age |
| 1:18 | Build | House |
| 1:20 | Build | House |
| 1:21 | Build | House |
| 1:22 | Build | House |
| 1:24 | Build | House |
| 1:25 | Build | House |
| 1:27 | Build | House |
| 1:29 | Build | House |
| 1:30 | Build | House |
| 1:34 | Build | House |
| 1:36 | Build | House |
| 1:38 | Build | House |
| 1:41 | Build | House |
| 1:43 | Build | House |
| 1:45 | Build | House |
| 2:04 | Build | Farm |
| 2:12 | Build | Farm |
| 2:17 | Build | Farm |
| 2:26 | Create | Villager (Male) |
| 2:26 | Create | Villager (Male) |
| 2:27 | Create | Villager (Male) |
| 2:27 | Create | Villager (Male) |
| 2:27 | Create | Villager (Male) |
| 2:27 | Create | Villager (Male) |
| 2:28 | Create | Villager (Male) |
| 2:28 | Create | Villager (Male) |
| 2:28 | Create | Villager (Male) |
| 2:30 | Create | Villager (Male) |
| 3:15 | Build | Market |
| 3:20 | Build | Market |
| 3:25 | Build | Blacksmith |
| 3:39 | Build | Farm |
| 3:48 | Research | Horse Collar |
| 4:00 | Research | Double-Bit Axe |
| 4:06 | Build | Farm |
| 4:27 | Build | Farm |
| 5:12 | Research | Castle Age |
| 5:41 | Build | Mining Camp |
| 6:14 | Research | Scale Barding Armor |
| 6:16 | Research | Forging |
| 6:17 | Research | Scale Mail Armor |
| 6:19 | Research | Fletching |
| 6:23 | Create | Trade Cart ×15 |
| 6:27 | Create | Trade Cart ×15 |
| 7:58 | Create | Villager (Male) ×15 |
| 7:58 | Create | Villager (Male) |
| 8:12 | Research | Heavy Plow |
| 8:17 | Research | Bow Saw |
| 8:44 | Build | Town Center |
| 8:53 | Research | Gold Mining |
| 8:59 | Build | Farm |
| 9:03 | Build | Farm |
| 9:20 | Build | House |
| 9:21 | Build | House |
| 9:30 | Build | House |
| 9:40 | Build | Farm |
| 10:00 | Build | Town Center |
| 10:48 | Build | Stone Wall |
| 11:00 | Create | Villager (Male) ×15 |
| 11:22 | Build | House |
| 11:23 | Build | House |
| 11:27 | Build | House |
| 11:28 | Build | House |
| 11:29 | Build | House |
| 11:31 | Build | House |
| 11:32 | Build | House |
| 11:35 | Build | House |
| 11:36 | Build | House |
| 11:37 | Build | House |
| 11:43 | Build | House |
| 11:53 | Build | House |
| 11:59 | Build | House |
| 12:12 | Build | House |
| 12:13 | Build | House |
| 12:15 | Build | House |
| 12:16 | Build | House |
| 12:18 | Build | House |
| 12:20 | Build | House |
| 12:50 | Build | Farm |
| 12:54 | Build | Farm |
| 13:01 | Build | Farm |
| 13:08 | Build | Farm |
| 13:14 | Build | Farm |
| 14:14 | Build | Castle |
| 14:24 | Build | Farm |
| 14:29 | Build | Farm |
| 14:33 | Create | Villager (Male) ×15 |
| 14:38 | Create | Villager (Male) ×15 |
| 14:57 | Build | Farm |
| 15:04 | Build | Farm |
| 15:09 | Build | Farm |
| 15:19 | Build | Farm |
| 15:26 | Build | Farm |
| 15:34 | Build | Farm |
| 15:40 | Build | Farm |
| 17:44 | Build | Mill |
| 17:52 | Build | Farm |
| 17:59 | Build | Farm |
| 18:05 | Build | Farm |
| 18:09 | Research | Imperial Age |
| 18:42 | Build | Farm |
| 18:49 | Build | Farm |
| 19:11 | Build | Farm |
| 19:18 | Build | Farm |
| 19:26 | Build | Farm |
| 19:34 | Research | Eupseong |
| 19:45 | Build | Farm |
| 20:02 | Build | Mill |
| 20:09 | Build | Farm |
| 20:12 | Research | Gold Shaft Mining |
| 20:44 | Create | Villager (Male) ×15 |
| 21:18 | Build | Farm |
| 21:24 | Build | Farm |
| 21:35 | Research | Coinage |
| 21:37 | Research | Caravan |
| 21:39 | Create | Trade Cart ×13 |
| 21:43 | Create | Trade Cart ×15 |
| 21:53 | Build | Castle |
| 22:15 | Build | Stone Wall |
| 22:59 | Build | University |
| 23:36 | Build | Barracks |
| 23:41 | Build | Barracks |
| 23:44 | Build | Barracks |
| 23:48 | Build | Barracks |
| 23:52 | Build | Barracks |
| 24:10 | Create | War Wagon |
| 24:12 | Create | War Wagon |
| 24:14 | Research | Elite War Wagon (upgrade) |
| 24:16 | Research | Conscription |
| 24:18 | Research | Shinkichon |
| 24:53 | Create | Trade Cart ×6 |
| 25:20 | Research | Chemistry |
| 25:21 | Research | Fortified Wall (upgrade) |
| 25:22 | Research | Masonry |
| 25:28 | Research | Pikeman (upgrade) |
| 25:48 | Build | Siege Workshop |
| 25:53 | Build | Siege Workshop |
| 25:59 | Build | Siege Workshop |
| 26:19 | Build | Farm |
| 26:26 | Research | Two-Man Saw |
| 27:20 | Research | Halberdier (upgrade) |
| 27:27 | Research | Tech 980 |
| 27:31 | Create | Iron Pagoda ×15 |
| 27:33 | Create | Iron Pagoda |
| 28:38 | Create | War Wagon ×15 |
| 28:39 | Create | War Wagon |
Build order — Lapusho4ek
First 150 of 197 actions detected
| 0:14 | Build | Mill |
| 0:22 | Build | Lumber Camp |
| 0:49 | Build | Lumber Camp |
| 0:55 | Research | Feudal Age |
| 2:02 | Build | Mining Camp |
| 2:26 | Build | Farm |
| 2:32 | Build | Farm |
| 2:42 | Build | Farm |
| 2:49 | Create | Villager (Male) |
| 2:50 | Create | Villager (Male) |
| 2:50 | Create | Villager (Male) |
| 2:51 | Create | Villager (Male) |
| 2:51 | Create | Villager (Male) |
| 2:52 | Create | Villager (Male) |
| 3:05 | Age | Feudal Age |
| 3:23 | Research | Horse Collar |
| 4:10 | Build | Market |
| 4:14 | Build | Market |
| 4:18 | Build | Market |
| 4:27 | Build | Market |
| 4:36 | Build | Farm |
| 4:51 | Build | House |
| 4:53 | Build | House |
| 4:54 | Build | House |
| 4:55 | Build | House |
| 4:57 | Build | House |
| 4:59 | Build | House |
| 5:01 | Build | House |
| 5:02 | Build | House |
| 5:04 | Build | House |
| 5:05 | Build | House |
| 5:09 | Build | House |
| 5:23 | Build | Farm |
| 5:36 | Build | Farm |
| 6:51 | Build | Blacksmith |
| 8:13 | Research | Castle Age |
| 8:20 | Build | Farm |
| 9:07 | Create | Trade Cart |
| 9:07 | Create | Trade Cart |
| 9:08 | Create | Trade Cart |
| 9:08 | Create | Trade Cart |
| 9:08 | Create | Trade Cart |
| 9:09 | Create | Trade Cart |
| 9:09 | Create | Trade Cart |
| 9:09 | Create | Trade Cart |
| 9:10 | Create | Trade Cart |
| 9:11 | Create | Trade Cart |
| 9:19 | Create | Villager (Male) |
| 9:19 | Create | Villager (Male) |
| 9:19 | Create | Villager (Male) |
| 9:19 | Create | Villager (Male) |
| 9:24 | Create | Villager (Male) |
| 9:24 | Create | Villager (Male) |
| 9:46 | Build | Outpost |
| 10:53 | Age | Castle Age |
| 11:19 | Build | Town Center |
| 11:38 | Build | Castle |
| 11:42 | Build | Castle |
| 11:45 | Build | Castle |
| 11:59 | Build | Farm |
| 12:20 | Build | Farm |
| 12:31 | Build | House |
| 12:33 | Build | House |
| 12:34 | Build | House |
| 12:36 | Build | House |
| 12:38 | Build | House |
| 12:39 | Build | House |
| 12:42 | Build | House |
| 12:46 | Build | House |
| 13:01 | Build | Farm |
| 13:05 | Build | Farm |
| 13:51 | Create | Trade Cart |
| 13:52 | Create | Trade Cart |
| 13:52 | Create | Trade Cart |
| 13:52 | Create | Trade Cart |
| 13:53 | Create | Trade Cart |
| 13:53 | Create | Trade Cart |
| 13:53 | Create | Trade Cart |
| 13:53 | Create | Trade Cart |
| 13:54 | Create | Trade Cart |
| 13:54 | Create | Trade Cart |
| 13:54 | Create | Trade Cart |
| 13:55 | Create | Trade Cart |
| 13:55 | Create | Trade Cart |
| 13:55 | Create | Trade Cart |
| 13:56 | Create | Trade Cart |
| 13:56 | Create | Trade Cart |
| 13:57 | Create | Trade Cart |
| 13:57 | Create | Trade Cart |
| 13:58 | Create | Trade Cart |
| 13:58 | Create | Trade Cart |
| 13:58 | Create | Trade Cart |
| 13:58 | Create | Trade Cart |
| 13:58 | Create | Trade Cart |
| 14:00 | Create | Trade Cart |
| 14:12 | Build | Farm |
| 14:14 | Create | Villager (Male) |
| 14:14 | Create | Villager (Male) |
| 14:14 | Create | Villager (Male) |
| 14:21 | Create | Villager (Male) |
| 14:21 | Create | Villager (Male) |
| 14:22 | Create | Villager (Male) |
| 14:23 | Create | Villager (Male) |
| 15:18 | Build | Farm |
| 15:22 | Build | Farm |
| 15:29 | Create | Villager (Male) |
| 15:31 | Create | Villager (Male) |
| 15:55 | Research | Imperial Age |
| 16:03 | Build | Farm |
| 16:09 | Build | Farm |
| 18:38 | Build | Farm |
| 18:41 | Research | Heavy Plow |
| 18:56 | Build | House |
| 18:57 | Build | House |
| 18:59 | Build | House |
| 19:00 | Build | House |
| 19:06 | Build | House |
| 19:29 | Age | Imperial Age |
| 20:17 | Create | Trade Cart |
| 20:17 | Create | Trade Cart |
| 20:18 | Create | Trade Cart |
| 20:18 | Create | Trade Cart |
| 20:18 | Create | Trade Cart |
| 20:19 | Create | Trade Cart |
| 20:19 | Create | Trade Cart |
| 20:19 | Create | Trade Cart |
| 20:20 | Create | Trade Cart |
| 20:20 | Create | Trade Cart |
| 20:20 | Create | Trade Cart |
| 20:21 | Create | Trade Cart |
| 20:21 | Create | Trade Cart |
| 20:21 | Create | Trade Cart |
| 20:22 | Create | Trade Cart |
| 20:22 | Create | Trade Cart |
| 20:23 | Create | Trade Cart |
| 20:23 | Create | Trade Cart |
| 20:24 | Create | Trade Cart |
| 20:24 | Create | Trade Cart |
| 20:37 | Create | Villager (Male) |
| 20:37 | Create | Villager (Male) |
| 20:37 | Create | Villager (Male) |
| 20:38 | Create | Villager (Male) |
| 20:42 | Create | Villager (Male) |
| 20:42 | Create | Villager (Male) |
| 20:43 | Create | Villager (Male) |
| 20:43 | Create | Villager (Male) |
| 22:40 | Build | Castle |
| 22:50 | Create | Shotel Warrior |
| 22:50 | Create | Shotel Warrior |
| 22:51 | Create | Shotel Warrior |
Build order — REDEMPTION
First 150 of 260 actions detected
| 0:10 | Build | Mill |
| 0:16 | Build | Barracks |
| 0:19 | Research | Feudal Age |
| 0:19 | Research | Feudal Age |
| 0:39 | Build | House |
| 0:40 | Build | House |
| 0:41 | Build | House |
| 0:43 | Build | House |
| 0:44 | Build | House |
| 0:53 | Build | House |
| 0:53 | Build | House |
| 0:56 | Build | House |
| 0:58 | Build | House |
| 1:03 | Build | Mining Camp |
| 1:05 | Build | Mining Camp |
| 1:09 | Build | Mining Camp |
| 1:16 | Build | Mining Camp |
| 1:24 | Build | Mining Camp |
| 1:47 | Build | Lumber Camp |
| 1:57 | Build | House |
| 1:58 | Build | House |
| 1:59 | Build | House |
| 2:01 | Build | House |
| 2:02 | Build | House |
| 2:04 | Build | House |
| 2:09 | Build | Mining Camp |
| 2:16 | Research | Loom |
| 2:17 | Research | Loom |
| 2:29 | Age | Feudal Age |
| 2:44 | Build | Market |
| 2:46 | Build | Blacksmith |
| 2:52 | Research | Wheelbarrow |
| 2:52 | Research | Town Watch |
| 2:55 | Research | Arson |
| 2:56 | Research | Man-at-Arms (upgrade) |
| 2:59 | Research | Horse Collar |
| 3:03 | Research | Double-Bit Axe |
| 3:24 | Build | Market |
| 3:26 | Build | Market |
| 3:29 | Build | Market |
| 3:47 | Research | Castle Age |
| 3:47 | Research | Castle Age |
| 3:56 | Research | Padded Archer Armor |
| 3:56 | Research | Fletching |
| 3:57 | Research | Forging |
| 3:58 | Research | Scale Mail Armor |
| 3:58 | Research | Scale Barding Armor |
| 4:12 | Build | Stable |
| 4:20 | Build | Archery Range |
| 4:20 | Build | Archery Range |
| 5:33 | Build | Stable |
| 5:35 | Build | Stable |
| 5:37 | Build | Stable |
| 5:39 | Build | Stable |
| 5:42 | Build | Stable |
| 5:55 | Build | Stable |
| 5:58 | Build | Stable |
| 6:29 | Age | Castle Age |
| 6:32 | Build | Monastery |
| 6:40 | Build | University |
| 6:56 | Build | Town Center |
| 7:01 | Build | Town Center |
| 7:18 | Research | Imperial Age |
| 7:19 | Research | Wheelbarrow |
| 7:20 | Research | Town Watch |
| 7:31 | Build | Castle |
| 7:36 | Build | Castle |
| 7:36 | Build | Castle |
| 7:37 | Build | Castle |
| 7:44 | Build | Castle |
| 7:47 | Build | Siege Workshop |
| 7:48 | Build | Siege Workshop |
| 7:50 | Build | Siege Workshop |
| 7:53 | Build | Siege Workshop |
| 7:55 | Build | Siege Workshop |
| 7:59 | Research | Stone Mining |
| 8:00 | Research | Gold Mining |
| 8:04 | Research | Husbandry |
| 8:05 | Research | Bloodlines |
| 8:05 | Research | Light Cavalry (upgrade) |
| 8:12 | Research | Chain Barding Armor |
| 8:12 | Research | Chain Mail Armor |
| 8:13 | Research | Iron Casting |
| 8:13 | Research | Bodkin Arrow |
| 8:14 | Research | Leather Archer Armor |
| 8:18 | Create | Monk |
| 8:23 | Research | Ballistics |
| 8:25 | Research | Murder Holes |
| 8:25 | Research | Masonry |
| 8:33 | Research | Stone Shaft Mining |
| 8:44 | Research | Devotion |
| 8:55 | Research | Elite Skirmisher (upgrade) |
| 9:03 | Research | Caravan |
| 9:04 | Research | Coinage |
| 9:10 | Create | Trade Cart ×5 |
| 9:10 | Create | Trade Cart ×5 |
| 9:11 | Create | Trade Cart ×5 |
| 9:11 | Create | Trade Cart ×5 |
| 9:11 | Create | Trade Cart ×5 |
| 9:12 | Create | Trade Cart ×5 |
| 9:12 | Create | Trade Cart ×5 |
| 9:41 | Research | Long Swordsman (upgrade) |
| 9:42 | Research | Pikeman (upgrade) |
| 10:28 | Age | Imperial Age |
| 10:37 | Build | House |
| 10:38 | Build | House |
| 10:39 | Build | House |
| 10:40 | Build | House |
| 10:42 | Build | House |
| 10:44 | Build | House |
| 10:46 | Build | House |
| 10:47 | Build | House |
| 10:49 | Build | House |
| 10:51 | Build | House |
| 10:52 | Build | House |
| 10:55 | Create | Villager (Male) ×5 |
| 10:55 | Create | Villager (Male) ×5 |
| 10:56 | Create | Villager (Male) ×5 |
| 10:56 | Create | Villager (Male) ×5 |
| 11:06 | Research | Hussar (upgrade) |
| 11:08 | Research | Elite Battle Elephant (upgrade) |
| 11:12 | Research | Elite Ballista Elephant (upgrade) |
| 11:13 | Research | Tusk Swords |
| 11:14 | Research | Double Crossbow |
| 11:17 | Research | Conscription |
| 11:18 | Research | Sappers |
| 11:19 | Research | Hoardings |
| 11:41 | Research | Bow Saw |
| 11:41 | Research | Bow Saw |
| 11:44 | Research | Heavy Plow |
| 11:44 | Research | Heavy Plow |
| 11:48 | Research | Gold Shaft Mining |
| 11:48 | Research | Gold Shaft Mining |
| 11:59 | Research | Banking |
| 12:00 | Create | Trade Cart ×5 |
| 12:00 | Create | Trade Cart ×5 |
| 12:00 | Create | Trade Cart ×5 |
| 12:01 | Create | Trade Cart ×4 |
| 12:13 | Research | Halberdier (upgrade) |
| 12:35 | Research | Architecture |
| 12:36 | Research | Siege Engineers |
| 12:37 | Research | Chemistry |
| 12:46 | Research | Blast Furnace |
| 12:47 | Research | Plate Barding Armor |
| 12:48 | Research | Bracer |
| 13:18 | Build | Outpost |
| 13:20 | Build | Outpost |
| 13:24 | Build | Outpost |
| 13:24 | Build | Outpost |
| 13:27 | Build | Outpost |
Build order — starlight-chaser
First 150 of 377 actions detected
| 0:04 | Create | Villager (Male) |
| 0:04 | Create | Villager (Male) |
| 0:12 | Build | Mining Camp |
| 0:15 | Build | Lumber Camp |
| 0:21 | Build | Mill |
| 0:32 | Build | Mining Camp |
| 0:34 | Build | Mining Camp |
| 0:38 | Build | Mining Camp |
| 0:42 | Research | Feudal Age |
| 0:58 | Build | Mining Camp |
| 1:07 | Build | Mining Camp |
| 1:14 | Build | Lumber Camp |
| 1:26 | Build | House |
| 1:27 | Build | House |
| 1:29 | Build | House |
| 1:30 | Build | House |
| 1:31 | Build | House |
| 1:32 | Build | House |
| 1:33 | Build | House |
| 1:42 | Build | House |
| 1:43 | Build | House |
| 1:44 | Build | House |
| 1:45 | Build | House |
| 1:46 | Build | House |
| 2:12 | Research | Loom |
| 2:41 | Create | Villager (Male) |
| 2:55 | Age | Feudal Age |
| 2:57 | Build | Market |
| 2:58 | Build | Blacksmith |
| 3:02 | Research | Gold Mining |
| 3:02 | Research | Stone Mining |
| 3:05 | Research | Double-Bit Axe |
| 3:08 | Research | Horse Collar |
| 3:23 | Build | Market |
| 3:31 | Create | Villager (Male) |
| 3:48 | Research | Castle Age |
| 3:54 | Build | House |
| 3:55 | Build | House |
| 3:57 | Build | House |
| 3:58 | Build | House |
| 3:59 | Build | House |
| 4:00 | Build | House |
| 4:01 | Build | House |
| 4:02 | Build | House |
| 4:07 | Build | House |
| 4:24 | Research | Fletching |
| 4:32 | Build | House |
| 4:33 | Build | House |
| 4:34 | Build | House |
| 4:35 | Build | House |
| 4:36 | Build | House |
| 4:37 | Build | House |
| 4:42 | Build | House |
| 4:43 | Build | House |
| 4:44 | Build | House |
| 4:45 | Build | House |
| 4:47 | Build | House |
| 4:54 | Build | Lumber Camp |
| 5:00 | Create | Villager (Male) |
| 5:01 | Create | Villager (Male) |
| 5:24 | Build | Barracks |
| 5:37 | Build | Market |
| 5:41 | Build | Market |
| 5:47 | Build | Market |
| 5:49 | Build | Market |
| 5:58 | Build | Market |
| 6:01 | Build | Market |
| 6:29 | Age | Castle Age |
| 6:33 | Build | Town Center |
| 6:41 | Build | Town Center |
| 6:47 | Create | Villager (Male) |
| 7:00 | Build | Town Center |
| 7:07 | Build | Monastery |
| 7:08 | Research | Caravan |
| 7:09 | Research | Coinage |
| 7:18 | Research | Gold Shaft Mining |
| 7:18 | Research | Stone Shaft Mining |
| 7:22 | Research | Bow Saw |
| 7:27 | Research | Heavy Plow |
| 7:29 | Create | Villager (Male) |
| 7:29 | Create | Villager (Male) |
| 7:32 | Create | Villager (Male) ×5 |
| 7:47 | Build | Town Center |
| 7:50 | Research | Wheelbarrow |
| 7:50 | Research | Town Watch |
| 7:54 | Create | Monk |
| 8:01 | Build | University |
| 8:03 | Create | Villager (Male) |
| 8:03 | Create | Villager (Male) |
| 8:07 | Create | Trade Cart ×5 |
| 8:08 | Create | Trade Cart ×5 |
| 8:08 | Create | Trade Cart ×5 |
| 8:09 | Create | Trade Cart ×5 |
| 8:09 | Create | Trade Cart ×5 |
| 8:23 | Build | Lumber Camp |
| 8:31 | Build | Town Center |
| 8:35 | Create | Villager (Male) ×5 |
| 8:40 | Build | House |
| 8:42 | Build | House |
| 8:43 | Build | House |
| 8:44 | Build | House |
| 8:54 | Create | Villager (Male) ×5 |
| 9:02 | Create | Villager (Male) |
| 9:02 | Create | Villager (Male) |
| 9:06 | Create | Villager (Male) ×5 |
| 9:13 | Research | Imperial Age |
| 9:19 | Build | Lumber Camp |
| 9:24 | Create | Trade Cart ×5 |
| 9:26 | Create | Trade Cart ×5 |
| 9:31 | Create | Villager (Male) |
| 9:31 | Create | Villager (Male) |
| 9:35 | Create | Villager (Male) |
| 9:36 | Create | Villager (Male) ×5 |
| 9:43 | Build | Farm |
| 9:43 | Build | Farm |
| 9:54 | Create | Villager (Male) |
| 9:54 | Create | Villager (Male) |
| 9:57 | Build | Farm |
| 10:00 | Create | Villager (Male) ×5 |
| 10:03 | Create | Villager (Male) ×5 |
| 10:09 | Create | Villager (Male) |
| 10:11 | Build | Farm |
| 10:12 | Build | Farm |
| 10:12 | Build | Farm |
| 10:12 | Build | Farm |
| 10:13 | Build | Farm |
| 10:13 | Build | Farm |
| 10:22 | Create | Villager (Male) ×5 |
| 10:26 | Research | Scale Barding Armor |
| 10:27 | Research | Forging |
| 10:28 | Research | Fletching |
| 10:29 | Research | Padded Archer Armor |
| 10:29 | Research | Scale Mail Armor |
| 10:40 | Create | Trade Cart ×5 |
| 10:43 | Build | House |
| 10:44 | Build | House |
| 10:45 | Build | House |
| 10:56 | Create | Villager (Male) ×5 |
| 11:00 | Create | Trade Cart ×5 |
| 11:05 | Build | Stable |
| 11:09 | Create | Villager (Male) ×5 |
| 11:15 | Create | Villager (Male) |
| 11:15 | Create | Villager (Male) |
| 11:21 | Build | Farm |
| 11:22 | Build | Farm |
| 11:22 | Build | Farm |
| 11:22 | Build | Farm |
| 11:23 | Build | Farm |
| 11:23 | Build | Farm |
| 11:24 | Build | Farm |
Build order — SirClaus
First 150 of 486 actions detected
| 0:01 | Create | Villager (Male) |
| 0:02 | Create | Villager (Male) |
| 0:02 | Create | Villager (Male) |
| 0:02 | Create | Villager (Male) |
| 0:02 | Create | Villager (Male) |
| 0:03 | Create | Villager (Male) |
| 0:03 | Create | Villager (Male) |
| 0:29 | Build | House |
| 0:38 | Build | Mining Camp |
| 0:40 | Create | Villager (Male) |
| 0:40 | Create | Villager (Male) |
| 0:49 | Build | Lumber Camp |
| 1:23 | Build | Mill |
| 1:40 | Build | Mining Camp |
| 1:51 | Research | Feudal Age |
| 2:10 | Build | Lumber Camp |
| 2:27 | Build | House |
| 2:28 | Build | House |
| 2:30 | Build | House |
| 2:30 | Build | House |
| 2:31 | Build | House |
| 2:32 | Build | House |
| 2:32 | Build | House |
| 2:33 | Build | House |
| 2:33 | Build | House |
| 2:34 | Build | House |
| 2:37 | Build | House |
| 2:38 | Build | House |
| 2:38 | Build | House |
| 2:38 | Build | House |
| 2:41 | Build | House |
| 2:42 | Build | House |
| 2:43 | Build | House |
| 2:43 | Build | House |
| 2:44 | Build | House |
| 2:46 | Build | House |
| 2:52 | Create | Villager (Male) |
| 2:52 | Create | Villager (Male) |
| 2:52 | Create | Villager (Male) |
| 4:16 | Age | Feudal Age |
| 4:19 | Build | Market |
| 4:26 | Build | Market |
| 4:28 | Build | Market |
| 4:32 | Build | Market |
| 4:34 | Build | Market |
| 4:43 | Build | Blacksmith |
| 5:16 | Research | Castle Age |
| 5:26 | Build | Farm |
| 5:28 | Build | Farm |
| 5:35 | Research | Double-Bit Axe |
| 5:46 | Research | Wheelbarrow |
| 5:47 | Create | Villager (Male) |
| 5:47 | Create | Villager (Male) |
| 5:47 | Create | Villager (Male) |
| 5:47 | Create | Villager (Male) |
| 5:48 | Create | Villager (Male) |
| 5:53 | Build | Farm |
| 5:55 | Build | Farm |
| 6:43 | Create | Villager (Male) |
| 6:44 | Create | Villager (Male) |
| 8:11 | Age | Castle Age |
| 8:15 | Build | Town Center |
| 8:20 | Research | Bow Saw |
| 8:25 | Create | Villager (Male) |
| 8:25 | Create | Villager (Male) |
| 8:26 | Create | Villager (Male) |
| 8:26 | Create | Villager (Male) |
| 8:34 | Build | Town Center |
| 9:04 | Create | Villager (Male) |
| 9:04 | Create | Villager (Male) |
| 9:04 | Create | Villager (Male) |
| 9:05 | Create | Villager (Male) |
| 9:05 | Create | Villager (Male) |
| 9:05 | Create | Villager (Male) |
| 9:05 | Create | Villager (Male) |
| 9:20 | Create | Villager (Male) |
| 9:21 | Create | Villager (Male) |
| 9:40 | Create | Villager (Male) |
| 9:40 | Create | Villager (Male) |
| 9:50 | Build | Monastery |
| 9:55 | Build | University |
| 10:03 | Create | Villager (Male) |
| 10:04 | Create | Villager (Male) |
| 10:26 | Create | Villager (Male) |
| 10:30 | Research | Hand Cart |
| 10:38 | Create | Villager (Male) |
| 10:38 | Create | Villager (Male) |
| 10:43 | Build | House |
| 10:45 | Build | House |
| 10:45 | Build | House |
| 10:46 | Build | House |
| 10:58 | Create | Monk |
| 11:03 | Create | Villager (Male) |
| 11:04 | Create | Villager (Male) |
| 11:04 | Create | Villager (Male) |
| 11:04 | Create | Villager (Male) |
| 11:04 | Create | Villager (Male) |
| 11:05 | Create | Villager (Male) |
| 11:05 | Create | Villager (Male) |
| 11:41 | Research | Imperial Age |
| 11:55 | Create | Villager (Male) |
| 11:56 | Create | Villager (Male) |
| 11:56 | Create | Villager (Male) |
| 11:58 | Build | Farm |
| 12:01 | Build | Farm |
| 12:02 | Build | Farm |
| 12:07 | Create | Villager (Male) |
| 12:07 | Create | Villager (Male) |
| 12:14 | Build | Castle |
| 12:18 | Build | Castle |
| 12:19 | Build | Castle |
| 12:21 | Build | Castle |
| 12:23 | Build | Castle |
| 12:25 | Build | Castle |
| 12:28 | Create | Villager (Male) |
| 12:28 | Create | Villager (Male) |
| 12:28 | Create | Villager (Male) |
| 12:39 | Build | Farm |
| 12:45 | Build | Farm |
| 12:48 | Create | Villager (Male) |
| 12:49 | Create | Villager (Male) |
| 12:49 | Create | Villager (Male) |
| 12:52 | Research | Gold Mining |
| 12:53 | Research | Stone Mining |
| 12:56 | Research | Fletching |
| 12:57 | Research | Forging |
| 12:57 | Research | Scale Mail Armor |
| 12:58 | Research | Scale Barding Armor |
| 13:04 | Build | House |
| 13:06 | Build | House |
| 13:07 | Build | House |
| 13:09 | Build | House |
| 13:17 | Research | Caravan |
| 13:23 | Create | Trade Cart |
| 13:23 | Create | Trade Cart |
| 13:24 | Create | Trade Cart |
| 13:24 | Create | Trade Cart |
| 13:24 | Create | Trade Cart |
| 13:25 | Create | Trade Cart |
| 13:25 | Create | Trade Cart |
| 13:25 | Create | Trade Cart |
| 13:25 | Create | Trade Cart |
| 13:26 | Create | Trade Cart |
| 13:26 | Create | Trade Cart |
| 13:26 | Create | Trade Cart |
| 13:27 | Create | Trade Cart |
| 13:27 | Create | Trade Cart |
| 13:27 | Create | Trade Cart |
| 13:27 | Create | Trade Cart |
| 13:31 | Build | Farm |
Build order — generalberthier
First 150 of 493 actions detected
| 0:23 | Build | House |
| 0:23 | Build | House |
| 0:24 | Build | House |
| 0:24 | Build | House |
| 0:24 | Build | House |
| 0:24 | Build | House |
| 0:25 | Build | House |
| 0:25 | Build | House |
| 0:26 | Build | House |
| 0:26 | Build | House |
| 0:27 | Build | House |
| 0:28 | Build | House |
| 0:28 | Build | House |
| 0:31 | Build | House |
| 0:32 | Build | House |
| 0:32 | Build | House |
| 0:33 | Build | House |
| 0:33 | Build | House |
| 0:33 | Build | House |
| 0:40 | Build | Barracks |
| 0:42 | Build | Barracks |
| 0:42 | Build | Barracks |
| 0:43 | Build | Barracks |
| 0:43 | Build | Barracks |
| 0:44 | Build | Barracks |
| 0:44 | Build | Barracks |
| 0:51 | Create | Villager (Male) |
| 0:51 | Create | Villager (Male) |
| 0:59 | Build | Lumber Camp |
| 1:20 | Build | Mill |
| 1:28 | Create | Villager (Male) |
| 2:55 | Research | Feudal Age |
| 3:14 | Build | House |
| 3:15 | Build | House |
| 3:16 | Build | House |
| 3:17 | Build | House |
| 3:18 | Build | House |
| 3:19 | Build | House |
| 3:19 | Build | House |
| 3:20 | Build | House |
| 3:22 | Build | House |
| 3:23 | Build | House |
| 3:24 | Build | House |
| 3:25 | Build | House |
| 3:26 | Build | House |
| 3:28 | Build | House |
| 3:30 | Build | House |
| 3:32 | Build | House |
| 3:34 | Build | House |
| 3:36 | Build | House |
| 3:37 | Build | House |
| 3:38 | Build | House |
| 3:40 | Build | House |
| 3:42 | Build | House |
| 3:42 | Build | House |
| 3:42 | Build | House |
| 3:43 | Build | House |
| 3:44 | Build | House |
| 3:45 | Build | House |
| 3:45 | Build | House |
| 3:46 | Build | House |
| 3:48 | Build | House |
| 4:01 | Build | Farm |
| 4:01 | Build | Farm |
| 4:01 | Build | Farm |
| 4:02 | Build | Farm |
| 4:02 | Build | Farm |
| 4:02 | Build | Farm |
| 4:15 | Build | Mining Camp |
| 4:19 | Create | Villager (Male) |
| 4:20 | Create | Villager (Male) |
| 5:05 | Age | Feudal Age |
| 5:27 | Create | Villager (Male) |
| 5:27 | Create | Villager (Male) |
| 5:43 | Build | Market |
| 5:45 | Build | Market |
| 5:47 | Build | Market |
| 5:49 | Build | Market |
| 5:51 | Create | Villager (Male) |
| 5:52 | Create | Villager (Male) |
| 6:03 | Build | Lumber Camp |
| 6:17 | Build | Stable |
| 6:20 | Build | Stable |
| 6:20 | Build | Stable |
| 6:21 | Build | Stable |
| 6:22 | Build | Stable |
| 6:22 | Build | Stable |
| 6:24 | Build | Stable |
| 6:25 | Build | Stable |
| 6:25 | Build | Stable |
| 6:26 | Build | Stable |
| 6:26 | Build | Stable |
| 6:27 | Build | Stable |
| 6:27 | Build | Stable |
| 6:28 | Build | Stable |
| 6:28 | Build | Stable |
| 6:29 | Build | Stable |
| 6:29 | Build | Stable |
| 6:30 | Build | Stable |
| 6:32 | Build | Stable |
| 6:35 | Build | Stable |
| 6:35 | Build | Stable |
| 6:35 | Build | Stable |
| 6:36 | Build | Stable |
| 6:37 | Build | Stable |
| 6:38 | Build | Stable |
| 6:40 | Build | Stable |
| 6:41 | Build | Stable |
| 6:41 | Build | Stable |
| 6:41 | Build | Stable |
| 6:42 | Build | Stable |
| 6:43 | Build | Stable |
| 6:43 | Build | Stable |
| 6:44 | Build | Stable |
| 6:44 | Build | Stable |
| 6:46 | Build | Stable |
| 6:47 | Build | Stable |
| 6:47 | Build | Stable |
| 6:48 | Build | Stable |
| 6:49 | Build | Stable |
| 6:49 | Build | Stable |
| 6:49 | Build | Stable |
| 6:50 | Build | Stable |
| 6:54 | Build | Stable |
| 6:56 | Build | Stable |
| 6:57 | Build | Stable |
| 6:57 | Build | Stable |
| 6:57 | Build | Stable |
| 6:58 | Build | Stable |
| 6:58 | Build | Stable |
| 8:05 | Build | Mining Camp |
| 8:09 | Research | Castle Age |
| 8:20 | Create | Trade Cart ×5 |
| 8:21 | Create | Trade Cart ×5 |
| 8:21 | Create | Trade Cart ×5 |
| 8:22 | Create | Villager (Male) |
| 8:38 | Build | Stone Wall |
| 8:45 | Build | Stone Wall |
| 8:51 | Build | Stone Wall |
| 8:54 | Build | Stone Wall |
| 8:58 | Create | Villager (Male) |
| 9:14 | Build | Stable |
| 9:15 | Build | Stable |
| 9:16 | Build | Stable |
| 9:16 | Build | Stable |
| 9:17 | Build | Stable |
| 9:17 | Build | Stable |
| 9:25 | Build | Stable |
| 9:26 | Build | Stable |
| 9:27 | Build | Stable |
Build order — TR Subuti
First 150 of 370 actions detected
| 0:06 | Build | House |
| 0:10 | Build | Mill |
| 0:16 | Build | Lumber Camp |
| 0:19 | Build | Mining Camp |
| 0:30 | Build | House |
| 0:32 | Build | House |
| 0:33 | Build | House |
| 0:34 | Build | House |
| 0:36 | Build | House |
| 0:37 | Build | House |
| 0:37 | Build | House |
| 0:38 | Build | House |
| 0:39 | Build | House |
| 0:40 | Build | House |
| 0:52 | Research | Feudal Age |
| 0:52 | Research | Feudal Age |
| 1:05 | Build | House |
| 1:06 | Build | House |
| 1:10 | Build | House |
| 1:12 | Build | House |
| 1:13 | Build | House |
| 1:16 | Build | House |
| 1:17 | Build | House |
| 1:18 | Build | House |
| 1:19 | Build | House |
| 1:21 | Build | House |
| 1:22 | Build | House |
| 1:25 | Build | House |
| 1:27 | Build | House |
| 1:28 | Build | House |
| 1:29 | Build | House |
| 1:30 | Build | House |
| 1:31 | Build | House |
| 1:33 | Build | House |
| 1:34 | Build | House |
| 1:35 | Build | House |
| 1:37 | Build | House |
| 1:37 | Build | House |
| 1:40 | Build | House |
| 1:41 | Build | House |
| 1:42 | Build | House |
| 1:43 | Build | House |
| 2:05 | Build | Lumber Camp |
| 3:02 | Age | Feudal Age |
| 3:06 | Build | Market |
| 3:11 | Build | Blacksmith |
| 3:14 | Create | Villager (Male) |
| 3:14 | Create | Villager (Male) |
| 3:14 | Create | Villager (Male) |
| 3:15 | Create | Villager (Male) |
| 3:26 | Build | Market |
| 3:27 | Build | Market |
| 3:28 | Build | Market |
| 3:32 | Build | Market |
| 3:46 | Research | Gold Mining |
| 3:48 | Research | Stone Mining |
| 3:48 | Research | Stone Mining |
| 3:50 | Research | Double-Bit Axe |
| 3:50 | Research | Double-Bit Axe |
| 4:33 | Research | Castle Age |
| 4:34 | Research | Castle Age |
| 5:01 | Build | Lumber Camp |
| 5:34 | Build | Stone Wall |
| 5:40 | Build | Stone Wall |
| 5:43 | Build | Stone Wall |
| 5:49 | Build | Stone Wall |
| 5:51 | Build | Stone Wall |
| 6:05 | Build | Stone Wall |
| 6:07 | Build | Stone Wall |
| 6:44 | Create | Trade Cart ×5 |
| 6:45 | Create | Trade Cart ×5 |
| 6:45 | Create | Trade Cart ×5 |
| 6:45 | Create | Trade Cart ×5 |
| 6:48 | Create | Trade Cart ×5 |
| 6:48 | Create | Trade Cart ×5 |
| 6:49 | Create | Trade Cart ×5 |
| 6:49 | Create | Trade Cart ×5 |
| 7:34 | Age | Castle Age |
| 7:41 | Build | Town Center |
| 7:45 | Build | Town Center |
| 7:50 | Build | Town Center |
| 7:58 | Build | Town Center |
| 8:05 | Build | Town Center |
| 8:06 | Create | Villager (Male) ×5 |
| 8:07 | Create | Villager (Male) ×5 |
| 8:07 | Create | Villager (Male) ×5 |
| 8:07 | Create | Villager (Male) ×5 |
| 8:20 | Build | Monastery |
| 8:24 | Build | University |
| 8:27 | Create | Trade Cart ×5 |
| 8:27 | Create | Trade Cart ×5 |
| 8:27 | Create | Trade Cart ×5 |
| 8:28 | Create | Trade Cart ×5 |
| 8:32 | Research | Caravan |
| 8:32 | Research | Caravan |
| 8:33 | Create | Trade Cart ×5 |
| 8:33 | Create | Trade Cart ×5 |
| 8:34 | Create | Trade Cart ×4 |
| 8:34 | Create | Trade Cart ×4 |
| 8:34 | Create | Trade Cart ×4 |
| 8:57 | Build | Town Center |
| 9:13 | Build | Gate |
| 9:18 | Research | Gold Shaft Mining |
| 9:18 | Research | Gold Shaft Mining |
| 9:23 | Research | Bow Saw |
| 9:24 | Research | Bow Saw |
| 9:24 | Research | Bow Saw |
| 9:31 | Create | Villager (Male) ×3 |
| 9:31 | Create | Villager (Male) ×3 |
| 9:44 | Create | Villager (Male) ×5 |
| 9:45 | Create | Villager (Male) ×5 |
| 9:45 | Create | Villager (Male) ×5 |
| 9:45 | Create | Villager (Male) ×5 |
| 10:00 | Build | Town Center |
| 10:07 | Build | House |
| 10:08 | Build | House |
| 10:10 | Build | House |
| 10:11 | Build | House |
| 10:12 | Build | House |
| 10:13 | Build | House |
| 10:14 | Build | House |
| 10:16 | Build | House |
| 10:18 | Build | House |
| 10:28 | Research | Imperial Age |
| 10:29 | Research | Wheelbarrow |
| 10:31 | Research | Town Watch |
| 10:31 | Research | Town Watch |
| 10:32 | Research | Loom |
| 10:32 | Research | Loom |
| 10:40 | Build | Mining Camp |
| 10:46 | Create | Villager (Male) ×3 |
| 10:46 | Create | Villager (Male) ×3 |
| 10:46 | Create | Villager (Male) ×3 |
| 11:02 | Build | Siege Workshop |
| 11:03 | Build | Siege Workshop |
| 11:07 | Build | Siege Workshop |
| 11:15 | Create | Villager (Male) ×5 |
| 11:15 | Create | Villager (Male) ×5 |
| 11:15 | Create | Villager (Male) ×5 |
| 11:16 | Create | Villager (Male) |
| 11:17 | Create | Villager (Male) ×5 |
| 11:17 | Create | Villager (Male) ×5 |
| 11:17 | Create | Villager (Male) ×5 |
| 11:19 | Create | Villager (Male) ×5 |
| 11:20 | Create | Villager (Male) ×5 |
| 11:20 | Create | Villager (Male) |
| 11:21 | Create | Villager (Male) ×4 |
| 11:23 | Create | Villager (Male) |
| 11:23 | Create | Villager (Male) |
| 11:26 | Create | Villager (Male) ×5 |
Build order — kjkim910056
First 150 of 379 actions detected
| 0:16 | Build | House |
| 0:16 | Build | House |
| 0:17 | Build | House |
| 0:19 | Build | House |
| 0:20 | Build | House |
| 0:21 | Build | House |
| 0:23 | Build | House |
| 0:24 | Build | House |
| 0:25 | Build | House |
| 0:27 | Build | House |
| 0:30 | Build | House |
| 0:31 | Build | House |
| 0:51 | Build | Barracks |
| 1:08 | Build | Lumber Camp |
| 1:47 | Research | Feudal Age |
| 1:55 | Build | Mill |
| 2:03 | Research | Loom |
| 2:39 | Build | Mining Camp |
| 2:49 | Build | Mining Camp |
| 3:57 | Age | Feudal Age |
| 4:06 | Build | Stable |
| 4:23 | Build | Market |
| 4:24 | Build | Market |
| 4:28 | Build | Market |
| 4:29 | Build | Market |
| 4:53 | Build | Archery Range |
| 5:00 | Research | Wheelbarrow |
| 5:07 | Research | Double-Bit Axe |
| 5:10 | Research | Horse Collar |
| 5:35 | Research | Stone Mining |
| 5:38 | Research | Gold Mining |
| 5:43 | Research | Castle Age |
| 6:33 | Build | Blacksmith |
| 8:17 | Build | House |
| 8:18 | Build | House |
| 8:19 | Build | House |
| 8:20 | Build | House |
| 8:21 | Build | House |
| 8:23 | Build | House |
| 8:55 | Age | Castle Age |
| 8:57 | Create | Villager (Male) |
| 8:57 | Create | Villager (Male) |
| 8:58 | Create | Villager (Male) |
| 8:58 | Create | Villager (Male) |
| 8:59 | Create | Villager (Male) |
| 8:59 | Create | Villager (Male) |
| 9:10 | Build | Town Center |
| 9:15 | Create | Villager (Male) |
| 9:15 | Create | Villager (Male) |
| 9:15 | Create | Villager (Male) |
| 9:15 | Create | Villager (Male) |
| 9:16 | Create | Villager (Male) |
| 9:16 | Create | Villager (Male) |
| 9:26 | Build | Town Center |
| 9:47 | Build | University |
| 10:15 | Build | Town Center |
| 10:21 | Create | Villager (Male) |
| 10:21 | Create | Villager (Male) |
| 10:22 | Create | Villager (Male) |
| 10:22 | Create | Villager (Male) |
| 10:22 | Create | Villager (Male) |
| 10:45 | Build | Town Center |
| 10:58 | Research | Treadmill Crane |
| 11:07 | Build | Monastery |
| 11:14 | Create | Villager (Male) ×3 |
| 11:14 | Create | Villager (Male) ×3 |
| 11:17 | Create | Villager (Male) |
| 11:18 | Create | Villager (Male) |
| 11:18 | Create | Villager (Male) |
| 11:19 | Create | Villager (Male) |
| 11:19 | Create | Villager (Male) |
| 11:19 | Create | Villager (Male) |
| 11:26 | Research | Heavy Plow |
| 11:29 | Research | Bow Saw |
| 11:33 | Create | Villager (Male) |
| 11:34 | Create | Villager (Male) |
| 11:34 | Create | Villager (Male) |
| 11:43 | Create | Villager (Male) ×5 |
| 11:43 | Create | Villager (Male) ×5 |
| 11:43 | Create | Villager (Male) ×5 |
| 11:43 | Create | Villager (Male) ×5 |
| 11:44 | Create | Villager (Male) |
| 11:49 | Build | Farm |
| 11:52 | Build | Farm |
| 11:56 | Build | Farm |
| 11:59 | Build | Farm |
| 12:06 | Create | Monk |
| 12:18 | Build | House |
| 12:20 | Build | House |
| 12:21 | Build | House |
| 12:22 | Build | House |
| 12:23 | Build | House |
| 12:24 | Build | House |
| 12:25 | Build | House |
| 12:31 | Build | Farm |
| 12:34 | Create | Villager (Male) ×4 |
| 12:34 | Create | Villager (Male) ×4 |
| 12:40 | Build | Farm |
| 12:42 | Build | Farm |
| 12:46 | Build | Farm |
| 12:50 | Build | Farm |
| 12:52 | Create | Villager (Male) |
| 12:52 | Create | Villager (Male) |
| 12:58 | Create | Villager (Male) |
| 12:58 | Create | Villager (Male) |
| 12:58 | Create | Villager (Male) |
| 12:58 | Create | Villager (Male) |
| 12:59 | Create | Villager (Male) |
| 12:59 | Create | Villager (Male) |
| 12:59 | Create | Villager (Male) |
| 13:03 | Create | Villager (Male) |
| 13:03 | Create | Villager (Male) |
| 13:03 | Create | Villager (Male) |
| 13:04 | Create | Villager (Male) |
| 13:04 | Create | Villager (Male) |
| 13:18 | Research | Stone Shaft Mining |
| 13:21 | Research | Gold Shaft Mining |
| 13:23 | Create | Villager (Male) |
| 13:23 | Create | Villager (Male) |
| 13:27 | Build | Farm |
| 13:30 | Build | Farm |
| 13:32 | Build | Farm |
| 13:42 | Create | Villager (Male) |
| 13:42 | Create | Villager (Male) |
| 13:43 | Create | Villager (Male) |
| 13:43 | Create | Villager (Male) |
| 13:43 | Create | Villager (Male) |
| 13:53 | Research | Imperial Age |
| 14:08 | Research | Imperial Age |
| 14:17 | Research | Caravan |
| 14:21 | Create | Trade Cart ×5 |
| 14:22 | Create | Trade Cart ×5 |
| 14:22 | Create | Trade Cart ×5 |
| 14:22 | Create | Trade Cart ×5 |
| 14:22 | Create | Trade Cart ×5 |
| 14:23 | Create | Trade Cart ×5 |
| 14:23 | Create | Trade Cart ×5 |
| 14:23 | Create | Trade Cart ×5 |
| 14:23 | Create | Trade Cart ×5 |
| 14:24 | Create | Trade Cart ×5 |
| 14:24 | Create | Trade Cart ×5 |
| 14:24 | Create | Trade Cart ×5 |
| 14:25 | Create | Trade Cart ×4 |
| 14:34 | Build | Farm |
| 14:37 | Build | Farm |
| 14:41 | Build | Farm |
| 14:44 | Build | Farm |
| 14:49 | Build | Farm |
| 14:53 | Build | Farm |
| 14:56 | Build | Farm |
Match timeline
| 0:16 | REDEMPTION · first_building Barracks |
| 0:40 | generalberthier · first_building Barracks |
| 0:51 | kjkim910056 · first_building Barracks |
| 2:29 | REDEMPTION · age_up feudal |
| 2:55 | starlight-chaser · age_up feudal |
| 3:02 | TR Subuti · age_up feudal |
| 3:05 | Lapusho4ek · age_up feudal |
| 3:57 | kjkim910056 · age_up feudal |
| 4:06 | kjkim910056 · first_building Stable |
| 4:12 | REDEMPTION · first_building Stable |
| 4:16 | SirClaus · age_up feudal |
| 4:20 | REDEMPTION · first_building Archery Range |
| 4:53 | kjkim910056 · first_building Archery Range |
| 5:05 | generalberthier · age_up feudal |
| 5:24 | starlight-chaser · first_building Barracks |
| 5:34 | TR Subuti · wall_segment Stone Wall x25 |
| 5:40 | TR Subuti · wall_segment Stone Wall x10 |
| 5:43 | TR Subuti · wall_segment Stone Wall x13 |
| 5:49 | TR Subuti · wall_segment Stone Wall x11 |
| 5:51 | TR Subuti · wall_segment Stone Wall x8 |
| 6:05 | TR Subuti · wall_segment Stone Wall x9 |
| 6:07 | TR Subuti · wall_segment Stone Wall x7 |
| 6:17 | generalberthier · first_building Stable |
| 6:29 | starlight-chaser · age_up castle |
| 6:29 | REDEMPTION · age_up castle |
| 6:32 | REDEMPTION · first_building Monastery |
| 7:07 | starlight-chaser · first_building Monastery |
| 7:31 | REDEMPTION · first_building Castle |
| 7:34 | TR Subuti · age_up castle |
| 7:47 | REDEMPTION · first_building Siege Workshop |
| 8:11 | SirClaus · age_up castle |
| 8:20 | TR Subuti · first_building Monastery |
| 8:38 | generalberthier · wall_segment Stone Wall x34 |
| 8:45 | generalberthier · wall_segment Stone Wall x2 |
| 8:51 | generalberthier · wall_segment Stone Wall x56 |
| 8:54 | generalberthier · wall_segment Stone Wall x19 |
| 8:55 | kjkim910056 · age_up castle |
| 9:50 | SirClaus · first_building Monastery |
| 10:28 | REDEMPTION · age_up imperial |
| 10:48 | pulpy-match3 · wall_segment Stone Wall x34 |
| 10:49 | generalberthier · age_up castle |
| 10:53 | Lapusho4ek · age_up castle |
| 11:02 | TR Subuti · first_building Siege Workshop |
| 11:05 | starlight-chaser · first_building Stable |
| 11:07 | kjkim910056 · first_building Monastery |
| 11:38 | Lapusho4ek · first_building Castle |
| 11:49 | starlight-chaser · first_building Siege Workshop |
| 12:08 | starlight-chaser · wall_segment Stone Wall x8 |
| 12:10 | starlight-chaser · wall_segment Stone Wall x4 |
| 12:13 | TR Subuti · wall_segment Stone Wall x7 |
| 12:14 | SirClaus · first_building Castle |
| 12:14 | TR Subuti · wall_segment Stone Wall x5 |
| 12:17 | TR Subuti · wall_segment Stone Wall x11 |
| 12:18 | TR Subuti · wall_segment Stone Wall x5 |
| 12:22 | TR Subuti · wall_segment Stone Wall x9 |
| 12:24 | TR Subuti · wall_segment Stone Wall x7 |
| 12:29 | TR Subuti · wall_segment Stone Wall x7 |
| 12:31 | TR Subuti · wall_segment Stone Wall x5 |
| 12:32 | TR Subuti · wall_segment Stone Wall x4 |
| 12:33 | TR Subuti · wall_segment Stone Wall x10 |
| 12:40 | TR Subuti · wall_segment Stone Wall x9 |
| 13:26 | starlight-chaser · first_building Castle |
| 13:38 | TR Subuti · age_up imperial |
| 13:55 | SirClaus · first_building Barracks |
| 14:14 | pulpy-match3 · first_building Castle |
| 14:19 | starlight-chaser · age_up imperial |
| 14:47 | SirClaus · first_building Stable |
| 15:13 | TR Subuti · first_building Castle |
| 15:57 | starlight-chaser · wall_segment Stone Wall x14 |
| 15:57 | SirClaus · age_up imperial |
| 15:58 | starlight-chaser · wall_segment Stone Wall x8 |
| 16:02 | starlight-chaser · wall_segment Stone Wall x1 |
| 16:03 | starlight-chaser · wall_segment Stone Wall x1 |
| 16:06 | starlight-chaser · wall_segment Stone Wall x11 |
| 16:10 | starlight-chaser · wall_segment Stone Wall x10 |
| 16:32 | SirClaus · first_building Siege Workshop |
| 16:41 | generalberthier · wall_segment Stone Wall x6 |
| 16:48 | generalberthier · wall_segment Stone Wall x6 |
| 16:50 | generalberthier · wall_segment Stone Wall x15 |
| 16:51 | generalberthier · wall_segment Stone Wall x8 |
| 17:18 | kjkim910056 · age_up imperial |
| 18:35 | TR Subuti · wall_segment Stone Wall x1 |
| 18:47 | kjkim910056 · first_building Siege Workshop |
| 19:25 | SirClaus · wall_segment Stone Wall x17 |
| 19:29 | Lapusho4ek · age_up imperial |
| 20:07 | generalberthier · first_building Castle |
| 22:15 | pulpy-match3 · wall_segment Stone Wall x34 |
| 22:22 | SirClaus · wall_segment Stone Wall x16 |
| 23:10 | TR Subuti · first_building Barracks |
| 23:14 | generalberthier · first_building Siege Workshop |
| 23:36 | pulpy-match3 · first_building Barracks |
| 24:29 | starlight-chaser · first_building Archery Range |
| 25:48 | pulpy-match3 · first_building Siege Workshop |
| 25:50 | Lapusho4ek · wall_segment Stone Wall x14 |
| 26:03 | kjkim910056 · first_building Castle |
| 27:58 | Lapusho4ek · wall_segment Stone Wall x10 |
| 28:36 | REDEMPTION · resign |
| 28:49 | Lapusho4ek · wall_segment Stone Wall x8 |
| 29:08 | TR Subuti · first_building Stable |
| 29:43 | Lapusho4ek · wall_segment Stone Wall x13 |
[ AI ANALYSIS · 1 CREDIT ]
What really happened in this match?
Wolo.gg analyzes every decision: build order, eco, micro, common mistakes by bracket. Personalized analysis on WhatsApp or Discord in 30 seconds.
Civ guide
Koreans
Map guide
Michi
Perfil
pulpy-match3